 Dungeon Crawl Stone Soup version 0.29-a0-8-g0446c0dae4 (webtiles) character file.

Game seed: 15429269224155883366

9 dohliylev the Chopper (level 2, 0/27 HPs)
             Began as a Minotaur Berserker on Jan 27, 2022.
             Was a Follower of Trog.
             Slain by an iguana (10 damage)
             ... on level 4 of the Dungeon.
             The game lasted 00:00:40 (441 turns).

dohliylev the Chopper (Minotaur Berserker)           Turns: 441, Time: 00:00:41

Health: 0/27       AC:  2    Str: 21    XL:     2   Next: 3%
Magic:  1/1        EV: 12    Int:  4    God:    Trog [*.....]
Gold:   0          SH:  0    Dex:  9    Spells: 1/1 levels left

rFire   . . .      SeeInvis .   a - +0 hand axe
rCold   . . .      Faith    .   (no shield)
rNeg    . . .      Spirit   .   b - +0 animal skin
rPois   .          Reflect  .   (helmet restricted)
rElec   .          Harm     .   (no cloak)
rCorr   .          Rampage  .   (no gloves)
Will    .....                   (no boots)
Stlth   +.........              (no amulet)
HPRegen 0.09/turn               (no ring)
MPRegen 0.07/turn               (no ring)

@: no status effects
A: horns 2, retaliatory headbutt
a: Renounce Religion, Berserk


You were on level 4 of the Dungeon.
You worshipped Trog.
Trog was aware of your devotion.
You visited 1 branch of the dungeon, and saw 4 of its levels.

Inventory:

Hand Weapons
 a - a +0 hand axe (weapon)
Armour
 b - a +0 animal skin (worn)
Scrolls
 c - a scroll of immolation {unknown}
Potions
 d - a potion of heal wounds {unknown}


   Skills:
 + Level 3.9 Fighting
 + Level 3.9 Axes
 + Level 2.5 Armour
 + Level 2.3 Dodging


You had one spell level left.
You didn't know any spells.
Your spell library was empty.

Dungeon Overview and Level Annotations

Branches:
Dungeon (4/15)
 Temple: D:4-7

Altars:

Portals:
Abyss: D:4

Annotations:
D:4 anonymous's ghost, amateur TeAE


Innate Abilities, Weirdness & Mutations

You have a pair of horns on your head.
You reflexively headbutt those who attack you in melee.


Message History

Found an Inescapable Atlas.
Found a one-way gate to the infinite horrors of the Abyss.
A shadow imp comes into view.
Found a glowing dagger.
The shadow imp shouts!
A shadow imp is nearby!
A shadow imp is nearby!
A shadow imp is nearby!
A giant cockroach comes into view.
The shadow imp hits you. The giant cockroach closely misses you.
You furiously retaliate!
You headbutt the giant cockroach!
You kill the giant cockroach!
Trog accepts your kill. The shadow imp hits you.
You have reached level 2!
You hit the shadow imp.
The shadow imp is lightly wounded.
The shadow imp hits you but does no damage.
You hit the shadow imp.
The shadow imp is lightly wounded.
The shadow imp completely misses you.
You closely miss the shadow imp. Your headbutt misses the shadow imp.
The shadow imp is lightly wounded.
The shadow imp hits you.
An iguana comes into view.
You closely miss the shadow imp.
The shadow imp is lightly wounded.
The iguana hisses angrily.
The shadow imp closely misses you.
You hit the shadow imp but do no damage.
The shadow imp is lightly wounded.
The shadow imp hits you.
You hit the shadow imp but do no damage.
Your headbutt misses the shadow imp.
The shadow imp is lightly wounded.
You hit the iguana.
The shadow imp laughs crazily.
The shadow imp closely misses you. The iguana bites you!
You die...

#.# ### #.# ..## #.#
...# #.##
...####..#########
.........[.......#
.................##
........##........#
###....####.....@.#
#5##..## ####..5l#
#g5#.©#. #...##....)..
#W##..##.##.#.#..####..
#.##... :#.##.... #. .
# ....## . #∩ ....# #
.# ##...# ..


You could see an iguana and a shadow imp.

Vanquished Creatures
  An endoplasm (D:4)
  A giant cockroach (D:4)
  A goblin (D:4)
  A hobgoblin (D:2)
  A kobold (D:1)
  A ball python (D:1)
  A frilled lizard (D:2)
  A rat (D:1)
8 creatures vanquished.

Notes
Turn   | Place    | Note
-------+----------+-------------------------------------------
     0 | D:1      | dohliylev the Minotaur Berserker began the quest for the
                  | Orb.
     0 | D:1      | Reached XP level 1. HP: 19/19 MP: 0/0
   176 | D:4      | Noticed an iron imp
   217 | D:4      | Noticed a small abomination
   274 | D:4      | Noticed anonymous's ghost (amateur TeAE)
   430 | D:4      | Found a one-way gate to the infinite horrors of the Abyss.
   436 | D:4      | Reached XP level 2. HP: 16/27 MP: 1/1
   441 | D:4      | Slain by an iguana

Illustrated notes

Levels and vault maps discovered:
D:1:      saegor_arrival_under_anarchy, layout_basic
D:2:      layout_loops_cross
D:3:      layout_rooms, minitemple, nicolae_ecumenical_oubliette
D:4:      layout_basic, good_gods_temple_1, mainiacjoe_overflow_divided_tiny,
          gammafunk_ghost_abyssal_escape, serial_glass, glass_columns_b,
          glass_columns_a, serial_park_tiny_2, uniq_duvessa

Action                   || total
-------------------------++-------
Melee: Hand axe          ||    21
Armor: Animal skin       ||    11
Dodge: Dodged            ||    30

Table legend: (Time is in decaauts)
 A = Elapsed time spent in this place.
 B = Non-inter-level travel time spent in this place.
 C = Inter-level travel time spent in this place.
 D = Time resting spent in this place.
 E = Time spent auto-exploring this place.
 F = Levels seen in this place.
 G = Mean time per level.
                   A        B        C        D        E       F      G
               +--------+--------+--------+--------+--------+-----+--------+
         Total |    443 |    443 |      0 |      0 |    361 |   4 |  110.8 |
       Dungeon |    443 |    443 |      0 |      0 |    361 |   4 |  110.8 |
               +--------+--------+--------+--------+--------+-----+--------+

Top non-repeatable levels by time:
     D:4: 334 daAuts
     D:1: 76 daAuts
     D:2: 16 daAuts
     D:3: 15 daAuts
